[Event "ESP-chT Primera Division 2019"]
[Site "Linares"]
[Date "2019.08.28"]
[Round "3.10"]
[White "Llobell Cortell, Enrique"]
[Black "Fernandez Gonzalez, Juan Carlos"]
[Result "1-0"]
[ECO "B12"]
[WhiteElo "2400"]
[BlackElo "2396"]
[Annotator "NA"]
[PlyCount "71"]
[EventDate "2019.08.26"]
[EventType "team-tourn"]
[EventCountry "ESP"]
[SourceTitle "playchess.com"]
[Source "ChessBase"]
[SourceQuality "1"]
[TimeControl "5400+30"]

1. e4 c6 2. d4 d5 3. e5 Bf5 4. h4 h6 5. g4 Bd7 6. Nc3 e6 7. Be3 Qb6 8. Na4 Qc7 9. f4 b6 10. Nf3 c5 11. Nc3 c4 12. Ne2 b5 13. a3 Nc6 14. Ng3 Nge7 15. Bh3 Nc8 16. c3 Na5 17. Nd2 Nb6 18. Nh5 Be7 19. Nxg7+ Kf8 20. Nh5 Bxh4+ 21. Ke2 Be7 22. Qc2 Ke8 23. f5 Kd8 24. Raf1 Kc8 25. fxe6 Bxe6 26. Ng7 Kb7 27. Nxe6 fxe6 28. Rf7 Ka6 29. Qg6 Qd7 30. Bxh6 Qe8 31. g5 Rg8 32. Qxe6 Bxg5 33. Bxg5 Rxg5 34. Nf3 Rh5 35. Qxe8 Rxe8 36. Bc8+ 1-0

[Event "ESP-chT Primera Division 2019"]
[Site "Linares"]
[Date "2019.08.28"]
[Round "3.14"]
[White "Martins, David Pires Tavares"]
[Black "Andres Gonzalez, Ivan"]
[Result "1-0"]
[ECO "D35"]
[WhiteElo "2427"]
[BlackElo "2284"]
[Annotator "NA RC"]
[PlyCount "87"]
[EventDate "2019.08.26"]
[EventType "team-tourn"]
[EventCountry "ESP"]
[SourceTitle "playchess.com"]
[Source "ChessBase"]
[SourceQuality "1"]
[TimeControl "5400+30"]

1. d4 d5 2. c4 e6 3. Nc3 Nf6 4. cxd5 Nxd5 5. e4 Nxc3 6. bxc3 c5 7. Rb1 Be7 8. Nf3 O-O 9. h4 Nc6 10. h5 cxd4 11. cxd4 Bb4+ 12. Bd2 Bxd2+ 13. Qxd2 Qa5 14. h6 g6 15. Bb5 Qxd2+ 16. Kxd2 Na5 17. Rhc1 a6 18. Bd3 Rd8 19. Rc7 Bd7 20. Ne5 Be8 21. Ke3 Rac8 22. Rbc1 Rxc7 23. Rxc7 f5 24. g4 Nc6 25. exf5 gxf5 26. gxf5 exf5 27. Bxf5 Nxd4 28. Rg7+ Kf8 29. Bxh7 Rd6 30. Rg8+ Ke7 31. Be4 Rxh6 32. Kxd4 b5 33. Bg6 Bxg6 34. Rxg6 Rh4+ 35. Kd5 Ra4 36. Re6+ Kf8 37. f4 Rxa2 38. f5 Rf2 39. f6 a5 40. Rb6 Kg8 41. Ke6 b4 42. Rb8+ Kh7 43. Rb7+ Kg8 44. Rg7+ 1-0

[Event "ESP-chT Primera Division 2019"]
[Site "Linares"]
[Date "2019.08.28"]
[Round "3.16"]
[White "Gomez Dieguez, David"]
[Black "Gonzalez Guedes, Iyan"]
[Result "1-0"]
[ECO "B23"]
[WhiteElo "2296"]
[BlackElo "2115"]
[Annotator "NA"]
[PlyCount "79"]
[EventDate "2019.08.26"]
[EventType "team-tourn"]
[EventCountry "ESP"]
[SourceTitle "playchess.com"]
[Source "ChessBase"]
[SourceQuality "1"]
[TimeControl "5400+30"]

1. e4 c5 2. Nc3 Nc6 3. Nge2 e5 4. Nd5 Nge7 5. Nec3 d6 6. Bc4 Nxd5 7. Nxd5 Be7 8. d3 Be6 9. f4 exf4 10. Bxf4 O-O 11. a4 Bg5 12. O-O Bxf4 13. Rxf4 Ne5 14. Qh5 Nxc4 15. dxc4 Bxd5 16. cxd5 Qe7 17. Raf1 Rae8 18. Rh4 h6 19. Rg4 Kh7 20. c3 b6 21. Rgf4 Kg8 22. Rg4 Kh7 23. Rf3 g6 24. Qh3 f5 25. Rh4 Qg5 26. Rhf4 Re5 27. Rf1 Kg7 28. c4 Rf7 29. Qc3 Qf6 30. exf5 Rxf5 31. Rxf5 gxf5 32. Rxf5 Qxc3 33. Rxf7+ Kxf7 34. bxc3 Kf6 35. Kf2 Ke5 36. Kf3 a6 37. g4 Kf6 38. Kf4 Kg6 39. h4 a5 40. g5 1-0

[Event "ESP-chT Primera Division 2019"]
[Site "Linares"]
[Date "2019.08.28"]
[Round "3.17"]
[White "Badillo Ramos, Steve"]
[Black "Gomez Dieguez, Adrian"]
[Result "1/2-1/2"]
[ECO "C47"]
[WhiteElo "1967"]
[BlackElo "2295"]
[Annotator "NA"]
[PlyCount "86"]
[EventDate "2019.08.26"]
[EventType "team-tourn"]
[EventCountry "ESP"]
[SourceTitle "playchess.com"]
[Source "ChessBase"]
[SourceQuality "1"]
[TimeControl "5400+30"]

1. e4 e5 2. Nf3 Nc6 3. Nc3 Nf6 4. d4 exd4 5. Nxd4 Bb4 6. Nxc6 bxc6 7. Bd3 d5 8. exd5 O-O 9. O-O cxd5 10. h3 Be6 11. Qf3 c5 12. a3 Ba5 13. Bg5 h6 14. Bxf6 Qxf6 15. Nxd5 Qxf3 16. Ne7+ Kh8 17. gxf3 Bxh3 18. Rfd1 Rae8 19. Nd5 Re5 20. Bc4 Rfe8 21. b4 Bb6 22. Nxb6 axb6 23. Bxf7 Rf8 24. Rd5 Re2 25. Bg6 Be6 26. Rd6 Bf5 27. Rxb6 Bxg6 28. Rxg6 Rxf3 29. b5 Rxc2 30. Rb1 Kh7 31. Rg3 Rf7 32. b6 Rb7 33. a4 Ra2 34. Rg4 Rc2 35. a5 Ra2 36. Rb5 Ra1+ 37. Kg2 Ra2 38. Rxc5 Rf7 39. Kh1 Rfxf2 40. Rb5 Rf1+ 41. Rg1 Rff2 42. Rg4 Rf1+ 43. Rg1 Rff2 1/2-1/2

[Event "ESP-chT Primera Division 2019"]
[Site "Linares"]
[Date "2019.08.28"]
[Round "3.18"]
[White "Hernandez Estevez, Yudania"]
[Black "Bermudez Revuelta, Paula"]
[Result "1-0"]
[ECO "B80"]
[WhiteElo "2247"]
[BlackElo "1702"]
[Annotator "NA"]
[PlyCount "129"]
[EventDate "2019.08.26"]
[EventType "team-tourn"]
[EventCountry "ESP"]
[SourceTitle "playchess.com"]
[Source "ChessBase"]
[SourceQuality "1"]
[TimeControl "5400+30"]

1. e4 c5 2. Nc3 d6 3. Nge2 e6 4. d4 cxd4 5. Nxd4 Nf6 6. g3 Be7 7. Bg2 O-O 8. O-O Nbd7 9. a4 a6 10. a5 Qc7 11. f4 Nc5 12. g4 d5 13. e5 Nfe4 14. Nxe4 Nxe4 15. Be3 Bb4 16. Bxe4 dxe4 17. Nb3 Bd7 18. Bb6 Qc8 19. Qd4 Be7 20. Rad1 Bc6 21. f5 exf5 22. gxf5 Bg5 23. Qf2 Bb5 24. Rfe1 Bd7 25. Qg3 Bh6 26. f6 Bf5 27. Be3 Bxe3+ 28. Rxe3 Bg6 29. Rc3 Qf5 30. Nd4 Qh5 31. Rf1 Rfd8 32. Nf5 Rd1 33. Ne3 Rxf1+ 34. Kxf1 Rd8 35. e6 Qb5+ 36. Kg1 fxe6 37. Rb3 Qc6 38. h4 Qd7 39. Rc3 Qf7 40. fxg7 Qf3 41. Nf1 Qxg3+ 42. Rxg3 Rd5 43. Rb3 Rb5 44. Rxb5 axb5 45. Kf2 Kxg7 46. Nd2 e3+ 47. Kxe3 Bxc2 48. b4 Kf6 49. Kd4 e5+ 50. Kc5 Bf5 51. Kb6 e4 52. Nf1 Bc8 53. Kc7 Bh3 54. Ne3 Be6 55. Kxb7 Ke5 56. a6 Kd4 57. Nc2+ Kd3 58. Kc6 e3 59. Nxe3 Kxe3 60. a7 Bf5 61. Kxb5 Be4 62. Kc5 Ba8 63. b5 Ke4 64. Kd6 Kd4 65. b6 {[%emt 0:00:08] Kd5+} 1-0

[Event "ESP-chT Primera Division 2019"]
[Site "Linares"]
[Date "2019.08.28"]
[Round "3.21"]
[White "Cuenca Jimenez, Jose Fernando"]
[Black "Henderson de La Fuente, Lance"]
[Result "1-0"]
[ECO "C15"]
[WhiteElo "2515"]
[BlackElo "2487"]
[Annotator "ChessBase"]
[PlyCount "95"]
[EventDate "2019.08.26"]
[EventType "team-tourn"]
[EventCountry "ESP"]
[SourceTitle "playchess.com"]
[Source "ChessBase"]
[SourceQuality "1"]
[TimeControl "5400+30"]

1. e4 e6 2. d4 d5 3. Nc3 Bb4 4. Nge2 Nf6 5. e5 Nfd7 6. f4 O-O 7. a3 Be7 8. Be3 c5 9. dxc5 Bxc5 10. Qd2 Nc6 11. O-O-O a6 12. Bxc5 Nxc5 13. Qe3 b6 14. Nd4 Nxd4 15. Rxd4 Bb7 16. h4 f6 17. g3 fxe5 18. Qxe5 Qf6 19. Qxf6 gxf6 20. Bg2 f5 21. Re1 Kf7 22. b4 Ne4 23. Bxe4 fxe4 24. Nxe4 dxe4 25. Rd7+ Kf6 26. Rxb7 Rg8 27. Rxe4 Rxg3 28. Rxb6 Rxa3 29. Kb2 Ra4 30. Rbxe6+ Kf5 31. R6e5+ Kf6 32. h5 Rb8 33. Kb3 Ra1 34. Re1 Rxe1 35. Rxe1 a5 36. c3 axb4 37. cxb4 Kf5 38. Re5+ Kxf4 39. Rc5 Ke4 40. Rc7 Kd5 41. Rxh7 Kc6 42. Rg7 Rf8 43. Rg3 Rf4 44. Rh3 Kb5 45. h6 Rxb4+ 46. Kc3 Rc4+ 47. Kd3 Ra4 48. Rh5+ 1-0

[Event "ESP-chT Primera Division 2019"]
[Site "Linares"]
[Date "2019.08.29"]
[Round "4.3"]
[White "Rubio Mejia, Luis Ignacio"]
[Black "Henderson de La Fuente, Lance"]
[Result "1/2-1/2"]
[ECO "E52"]
[WhiteElo "2435"]
[BlackElo "2487"]
[Annotator "ChessBase"]
[PlyCount "97"]
[EventDate "2019.08.26"]
[EventType "team-tourn"]
[EventCountry "ESP"]
[SourceTitle "playchess.com"]
[Source "ChessBase"]
[SourceQuality "1"]
[TimeControl "5400+30"]

1. d4 Nf6 2. c4 e6 3. Nc3 Bb4 4. e3 O-O 5. Bd3 d5 6. Nf3 b6 7. a3 Bxc3+ 8. bxc3 dxc4 9. Bxc4 c5 10. O-O Qc7 11. Qe2 Bb7 12. Bd3 Be4 13. a4 Nbd7 14. Bb2 Rac8 15. Ba6 Bb7 16. Bd3 Be4 17. Ba6 Bb7 18. a5 Bxa6 19. Qxa6 Qc6 20. dxc5 bxc5 21. Qxc6 Rxc6 22. c4 Rb8 23. Bc3 Kf8 24. Rfb1 Rxb1+ 25. Rxb1 Ne4 26. Rb7 Rd6 27. Be1 a6 28. Kf1 Ke8 29. Ke2 Kd8 30. Ra7 Kc8 31. Ra8+ Nb8 32. Ra7 Rd7 33. Rxd7 Nxd7 34. Nd2 Nd6 35. Kd3 Ne5+ 36. Kc3 Kd7 37. f3 Nb7 38. Nb3 g5 39. e4 f5 40. exf5 exf5 41. Bd2 h6 42. h4 f4 43. hxg5 hxg5 44. Be1 Kd6 45. Bd2 Kc6 46. Be1 Nd6 47. Bf2 Ndxc4 48. Nxc5 Nxa5 49. Kd4 {Kd5+} 1/2-1/2

[Event "ESP-chT Primera Division 2019"]
[Site "Linares"]
[Date "2019.08.29"]
[Round "4.4"]
[White "Cramling, Pia"]
[Black "Almagro Llamas, Pablo"]
[Result "1/2-1/2"]
[ECO "E19"]
[WhiteElo "2493"]
[BlackElo "2453"]
[Annotator "ChessBase"]
[PlyCount "68"]
[EventDate "2019.08.26"]
[EventType "team-tourn"]
[EventCountry "ESP"]
[SourceTitle "playchess.com"]
[Source "ChessBase"]
[SourceQuality "1"]
[TimeControl "5400+30"]

1. Nf3 Nf6 2. c4 e6 3. g3 a6 4. Bg2 b5 5. b3 Bb7 6. Na3 c5 7. O-O Qb6 8. e3 Be7 9. Qe2 O-O 10. Bb2 d5 11. d4 dxc4 12. bxc4 b4 13. Nc2 Nbd7 14. Rfc1 a5 15. Rab1 Rab8 16. Nce1 Rfc8 17. Nd3 Qa6 18. Nd2 Bxg2 19. Kxg2 Ne8 20. h4 Nd6 21. Nf4 Bf8 22. d5 e5 23. Nd3 e4 24. Ne5 Nxe5 25. Bxe5 Re8 26. Ba1 a4 27. g4 Qc8 28. Rh1 Rb7 29. Nf1 f6 30. Ng3 Qd7 31. Nh5 Qf7 32. Nf4 Qd7 33. Nh5 Qf7 34. Nf4 Qd7 1/2-1/2

[Event "ESP-chT Primera Division 2019"]
[Site "Linares"]
[Date "2019.08.29"]
[Round "4.5"]
[White "Vazquez Torres, Adrian"]
[Black "Castellanos Rodriguez, Renier"]
[Result "0-1"]
[ECO "B32"]
[WhiteElo "2143"]
[BlackElo "2493"]
[Annotator "ChessBase"]
[PlyCount "92"]
[EventDate "2019.08.26"]
[EventType "team-tourn"]
[EventCountry "ESP"]
[SourceTitle "playchess.com"]
[Source "ChessBase"]
[SourceQuality "1"]
[TimeControl "5400+30"]

1. e4 c5 2. Nf3 Nc6 3. d4 cxd4 4. Nxd4 Qb6 5. Nb3 Nf6 6. Bd3 e6 7. O-O d6 8. c4 Ne5 9. Nc3 Be7 10. Be3 Qc7 11. Rc1 b6 12. Nb5 Qb8 13. Bf4 Nfd7 14. Bg3 a6 15. Nc3 Bb7 16. f4 Nxd3 17. Qxd3 O-O 18. f5 Nf6 19. fxe6 fxe6 20. Rcd1 Rd8 21. Nd4 Qc8 22. b3 Rf8 23. Rfe1 Rb8 24. Nd5 exd5 25. exd5 Qd7 26. Qf5 Rbe8 27. Qe6+ Qxe6 28. Nxe6 Rf7 29. Ng5 Bc8 30. Nxf7 Kxf7 31. Bf2 b5 32. c5 dxc5 33. d6 Bf8 34. Bxc5 Be6 35. Bb6 Bg4 36. Rxe8 Kxe8 37. Rd4 Kd7 38. a4 Be6 39. axb5 axb5 40. b4 Bxd6 41. Bc5 Nd5 42. Bxd6 Kxd6 43. Kf2 Ke5 44. Rh4 Nf6 45. h3 h5 46. Ke3 g5 {[%emt 0:00:05] Kd4+} 0-1

[Event "ESP-chT Primera Division 2019"]
[Site "Linares"]
[Date "2019.08.29"]
[Round "4.6"]
[White "Oliva Castaneda, Kevel"]
[Black "Arno Bendicho, Xenia"]
[Result "1-0"]
[ECO "D30"]
[WhiteElo "2479"]
[BlackElo "1774"]
[Annotator "ChessBase"]
[PlyCount "85"]
[EventDate "2019.08.26"]
[EventType "team-tourn"]
[EventCountry "ESP"]
[SourceTitle "playchess.com"]
[Source "ChessBase"]
[SourceQuality "1"]
[TimeControl "5400+30"]

1. d4 d5 2. c4 e6 3. Nf3 Nc6 4. Nc3 Nf6 5. Bg5 Be7 6. e3 O-O 7. a3 a6 8. Qc2 h6 9. Bh4 b6 10. cxd5 exd5 11. Bd3 Bb7 12. b4 Nh5 13. Bxe7 Nxe7 14. O-O Nf6 15. Rac1 Rc8 16. Rfd1 Ne8 17. a4 Nd6 18. Qe2 Ra8 19. Ne5 c6 20. Bb1 b5 21. Qc2 g6 22. Ne2 Nc4 23. Nf4 Qd6 24. Qc3 Bc8 25. f3 Bd7 26. a5 Rfc8 27. e4 Ra7 28. Ned3 Qf6 29. Rf1 Qg5 30. Rce1 Re8 31. g3 h5 32. Kg2 Kg7 33. Qc1 Qh6 34. h4 Be6 35. Nc5 Bc8 36. Rf2 Qh8 37. Rfe2 Rd8 38. exd5 Nxd5 39. Nxd5 cxd5 40. Qg5 Qf8 41. Re7 Rxe7 42. Rxe7 Re8 43. Qxg6+ 1-0

[Event "ESP-chT Primera Division 2019"]
[Site "Linares"]
[Date "2019.08.29"]
[Round "4.8"]
[White "Volkov, Sergey"]
[Black "Salgado Lopez, Ivan"]
[Result "1/2-1/2"]
[ECO "D35"]
[WhiteElo "2547"]
[BlackElo "2596"]
[Annotator "ChessBase"]
[PlyCount "88"]
[EventDate "2019.08.26"]
[EventType "team-tourn"]
[EventCountry "ESP"]
[SourceTitle "playchess.com"]
[Source "ChessBase"]
[SourceQuality "1"]
[TimeControl "5400+30"]

1. d4 Nf6 2. c4 e6 3. Nf3 d5 4. Nc3 Nbd7 5. cxd5 exd5 6. Bf4 c6 7. h3 Nb6 8. e3 Bf5 9. Ne5 Nfd7 10. Bd3 Bxd3 11. Nxd3 Be7 12. O-O a5 13. Na4 Nxa4 14. Qxa4 O-O 15. Qb3 Ra7 16. a4 Nf6 17. Rac1 Ne4 18. Rc2 Re8 19. f3 Ng5 20. Kh1 Ne6 21. Bh2 Bf8 22. Bg1 Re7 23. Qc3 Ra8 24. Re2 Rc8 25. e4 b6 26. Rc1 Re8 27. Rec2 Rc7 28. Ne5 c5 29. Qb3 dxe4 30. Qxb6 f6 31. Ng4 exf3 32. dxc5 h5 33. Re1 fxg2+ 34. Rxg2 hxg4 35. Rxe6 gxh3 36. Rxe8 hxg2+ 37. Kh2 Qxe8 38. Qxc7 Qxa4 39. c6 Qh4+ 40. Kxg2 Qe4+ 41. Kf1 Qb1+ 42. Kg2 Qe4+ 43. Kf1 Qb1+ 44. Kg2 Qe4+ 1/2-1/2

[Event "ESP-chT Primera Division 2019"]
[Site "Linares"]
[Date "2019.08.29"]
[Round "4.9"]
[White "Martins, David Pires Tavares"]
[Black "Cuenca Jimenez, Jose Fernando"]
[Result "1-0"]
[ECO "D35"]
[WhiteElo "2427"]
[BlackElo "2515"]
[Annotator "ChessBase"]
[PlyCount "121"]
[EventDate "2019.08.26"]
[EventType "team-tourn"]
[EventCountry "ESP"]
[SourceTitle "playchess.com"]
[Source "ChessBase"]
[SourceQuality "1"]
[TimeControl "5400+30"]

1. d4 d5 2. c4 e6 3. Nc3 Nf6 4. cxd5 exd5 5. Bg5 Be7 6. e3 c6 7. Qc2 Nbd7 8. Nf3 Nh5 9. h4 Ndf6 10. Ne5 h6 11. Be2 hxg5 12. hxg5 Nd7 13. Nxd7 Qxd7 14. g6 Qf5 15. Qxf5 Bxf5 16. Rxh5 Rxh5 17. gxf7+ Kd7 18. Bxh5 Rh8 19. Bd1 Rh1+ 20. Kd2 Be6 21. Rb1 Rh2 22. Bf3 g5 23. Rg1 Bd6 24. Ke1 g4 25. Bd1 Ke7 26. f4 gxf3 27. Bxf3 Bxf7 28. Kf2 Rh8 29. g3 Rh2+ 30. Bg2 Bg6 31. Rh1 Rxh1 32. Bxh1 Kf6 33. e4 dxe4 34. Bxe4 Bf7 35. a3 Kg5 36. Bxc6 Bxg3+ 37. Kxg3 bxc6 38. Ne4+ Kf5 39. Nd6+ Ke6 40. Nxf7 Kxf7 41. Kf4 Ke6 42. Ke4 a5 43. Kd3 Kd5 44. b3 c5 45. dxc5 Kxc5 46. Ke4 Kd6 47. Kd4 Kc6 48. Kc4 Kb6 49. Kd5 a4 50. b4 Kb5 51. Ke5 Kc4 52. Kd6 Kb3 53. b5 Kxa3 54. b6 Ka2 55. b7 a3 56. b8=Q Ka1 57. Qc7 Kb2 58. Qb6+ Ka1 59. Qc5 Ka2 60. Qc2+ Ka1 61. Kc5 1-0

[Event "ESP-chT Primera Division 2019"]
[Site "Linares"]
[Date "2019.08.29"]
[Round "4.10"]
[White "Alshameary Puente, Ismael"]
[Black "Sousa, Andre Ventura"]
[Result "0-1"]
[ECO "D85"]
[WhiteElo "2444"]
[BlackElo "2362"]
[Annotator "NA"]
[PlyCount "110"]
[EventDate "2019.08.26"]
[EventType "team-tourn"]
[EventCountry "ESP"]
[SourceTitle "playchess.com"]
[Source "ChessBase"]
[SourceQuality "1"]
[TimeControl "5400+30"]

1. d4 Nf6 2. c4 g6 3. Nc3 d5 4. cxd5 Nxd5 5. e4 Nxc3 6. bxc3 Bg7 7. Nf3 c5 8. Bb5+ Nc6 9. Rb1 O-O 10. d5 Ne5 11. O-O a6 12. Nxe5 axb5 13. f4 Qa5 14. Qb3 c4 15. Qxb5 Qxc3 16. Qb2 Qa5 17. a3 f5 18. Qb4 fxe4 19. Qxc4 Qa7+ 20. Kh1 b5 21. Qe2 Bxe5 22. fxe5 Bg4 23. Rxf8+ Rxf8 24. Qe1 Qd4 25. Bh6 Rf5 26. Rc1 Rh5 27. Qg3 Rxh6 28. Qxg4 Qxe5 29. h3 Rh5 30. Qc8+ Kg7 31. Qe8 e3 32. Qxb5 Qe4 33. Rc4 Rxh3+ 34. Kg1 Qe5 35. gxh3 e2 36. Rc1 Qg3+ 37. Kh1 Qxh3+ 38. Kg1 Qe3+ 39. Kg2 Qxc1 40. Qxe2 Qxa3 41. Qe5+ Kf7 42. Qf4+ Ke8 43. Qb8+ Kd7 44. Qg8 Qb2+ 45. Kf3 Qf6+ 46. Ke4 h5 47. Qa8 Qc3 48. Qa4+ Kd8 49. Qa6 Qc2+ 50. Ke3 Ke8 51. Qa1 Qc5+ 52. Ke4 Qc4+ 53. Ke5 Kf7 54. Qb2 g5 55. Qf2+ Qf4+ {[%emt 0:00:14] Kd4} 0-1

[Event "ESP-chT Primera Division 2019"]
[Site "Linares"]
[Date "2019.08.29"]
[Round "4.11"]
[White "Gomez Dieguez, David"]
[Black "Cori T., Deysi"]
[Result "1/2-1/2"]
[ECO "C11"]
[WhiteElo "2296"]
[BlackElo "2400"]
[Annotator "NA"]
[PlyCount "99"]
[EventDate "2019.08.26"]
[EventType "team-tourn"]
[EventCountry "ESP"]
[SourceTitle "playchess.com"]
[Source "ChessBase"]
[SourceQuality "1"]
[TimeControl "5400+30"]

1. e4 e6 2. d4 d5 3. Nc3 Nf6 4. e5 Nfd7 5. f4 c5 6. Nf3 Nc6 7. Be3 Be7 8. Qd2 O-O 9. dxc5 Bxc5 10. O-O-O Rb8 11. Nb5 Qa5 12. Bxc5 Qxd2+ 13. Kxd2 Nxc5 14. c4 dxc4 15. Bxc4 a6 16. Nd6 b5 17. Be2 Nb4 18. Nd4 Nb7 19. Nxc8 Rbxc8 20. Rc1 Nc5 21. a3 Nd5 22. Bf3 Rfd8 23. Rhd1 g6 24. Bxd5 Rxd5 25. Ke2 Rcd8 26. Nc6 Rxd1 27. Rxd1 Rxd1 28. Kxd1 Nd3 29. b4 Nxf4 30. Nb8 Nd3 31. Nxa6 Nxe5 32. Nc7 Nc4 33. Nxb5 Kf8 34. Ke2 e5 35. a4 Ke7 36. a5 Kd7 37. Kd3 Nb2+ 38. Kc3 Nd1+ 39. Kc4 Kc6 40. Nc3 Nxc3 41. Kxc3 Kb5 42. g4 f5 43. gxf5 gxf5 44. Kd3 f4 45. Ke4 h5 46. h4 Ka6 47. Kf3 Kb5 48. Ke4 Ka6 49. Kf3 Kb5 50. Ke4 1/2-1/2

[Event "ESP-chT Primera Division 2019"]
[Site "Linares"]
[Date "2019.08.29"]
[Round "4.12"]
[White "Antunez Munoz, Ines"]
[Black "Hernandez Estevez, Yudania"]
[Result "0-1"]
[ECO "B07"]
[WhiteElo "1891"]
[BlackElo "2247"]
[Annotator "NA"]
[PlyCount "102"]
[EventDate "2019.08.26"]
[EventType "team-tourn"]
[EventCountry "ESP"]
[SourceTitle "playchess.com"]
[Source "ChessBase"]
[SourceQuality "1"]
[TimeControl "5400+30"]

1. e4 d6 2. d4 Nf6 3. Nc3 g6 4. Bg5 Bg7 5. e5 Nfd7 6. exd6 cxd6 7. Nf3 Nc6 8. Bc4 h6 9. Be3 Nf6 10. h3 O-O 11. Qd2 Kh7 12. a3 a6 13. Rd1 b5 14. Bd3 b4 15. Ne4 Nd5 16. Ng3 bxa3 17. bxa3 Nxe3 18. fxe3 Qa5 19. Be4 Qxd2+ 20. Kxd2 Bd7 21. h4 f5 22. Bd3 Na5 23. h5 g5 24. e4 f4 25. e5+ Kg8 26. Ne4 dxe5 27. dxe5 Bb5 28. Nc5 Rfc8 29. Ne6 Nc4+ 30. Bxc4 Rxc4 31. Rhe1 Rac8 32. Rc1 Rc3 33. Nfd4 Rg3 34. Rg1 Bxe5 35. Nf5 Bc3+ 36. Kd1 Kf7 37. Nxg3 Kxe6 38. Rb1 fxg3 39. a4 Bc4 40. Kc1 Kf5 41. Rb7 e5 42. Rd1 e4 43. Re7 Rb8 44. Rc7 Rb4 45. Rc8 Rxa4 46. Rf8+ Kg4 47. Rb8 e3 48. Rh1 Ra1+ 49. Rb1 Rxb1+ 50. Kxb1 e2 51. Rc1 e1=Q 0-1

[Event "ESP-chT Primera Division 2019"]
[Site "Linares"]
[Date "2019.08.29"]
[Round "4.14"]
[White "Andres Gonzalez, Ivan"]
[Black "Sarana, Alexey"]
[Result "0-1"]
[ECO "D02"]
[WhiteElo "2284"]
[BlackElo "2655"]
[Annotator "RC"]
[PlyCount "68"]
[EventDate "2019.08.26"]
[EventType "team-tourn"]
[EventCountry "ESP"]
[SourceTitle "playchess.com"]
[Source "ChessBase"]
[SourceQuality "1"]
[TimeControl "5400+30"]

1. d4 Nf6 2. Nf3 d5 3. Bf4 c5 4. e3 Nc6 5. Nbd2 e6 6. c3 cxd4 7. exd4 Nh5 8. Bg3 g6 9. Bd3 Bg7 10. O-O O-O 11. Re1 Nxg3 12. hxg3 Qd6 13. Qe2 Re8 14. Rad1 a6 15. a3 Re7 16. Qe3 Bd7 17. Ne5 Be8 18. Qf4 Qd8 19. Ndf3 f6 20. Ng4 Kh8 21. Re2 h5 22. Ngh2 e5 23. dxe5 fxe5 24. Qc1 Rd7 25. Bc2 e4 26. Nd4 Nxd4 27. cxd4 Rc7 28. Qd2 Bb5 29. Ree1 Rac8 30. Bb3 Bc4 31. Ba4 b5 32. Bc2 Ba2 33. Rc1 Qf6 34. Red1 Qxd4 0-1

[Event "ESP-chT Primera Division 2019"]
[Site "Linares"]
[Date "2019.08.29"]
[Round "4.15"]
[White "Arizmendi Martinez, Julen Luis"]
[Black "Vergara Anton, Diego"]
[Result "1-0"]
[ECO "C03"]
[WhiteElo "2512"]
[BlackElo "2128"]
[Annotator "ChessBase"]
[PlyCount "76"]
[EventDate "2019.08.26"]
[EventType "team-tourn"]
[EventCountry "ESP"]
[SourceTitle "playchess.com"]
[Source "ChessBase"]
[SourceQuality "1"]
[TimeControl "5400+30"]

1. e4 e6 2. d4 d5 3. Nd2 Be7 4. e5 c5 5. c3 Nc6 6. Bd3 cxd4 7. cxd4 Bd7 8. Ne2 Qb6 9. Nf3 O-O-O 10. O-O h5 11. a3 Nh6 12. b4 Nf5 13. Bxf5 exf5 14. Bg5 Bxg5 15. Nxg5 Rdf8 16. Rc1 Kb8 17. Rc5 Ne7 18. Nf4 Bb5 19. Re1 Bc4 20. e6 fxe6 21. Nfxe6 Rf6 22. Qf3 Qd6 23. Qf4 Rd8 24. Qxd6+ Rxd6 25. Rc7 Nc8 26. Rxg7 b6 27. h4 Rc6 28. Nf4 Rc7 29. Rxc7 Kxc7 30. g3 Rh6 31. Re5 Nd6 32. Nxd5+ Bxd5 33. Rxd5 Kc6 34. Re5 Nb5 35. d5+ Kd7 36. Rxf5 Nxa3 37. Rf7+ Kd6 38. Rf3 Kxd5 1-0

[Event "ESP-chT Primera Division 2019"]
[Site "Linares"]
[Date "2019.08.29"]
[Round "4.17"]
[White "Garcia Martin, Marta"]
[Black "Badillo Ramos, Steve"]
[Result "1-0"]
[ECO "C06"]
[WhiteElo "2313"]
[BlackElo "1967"]
[Annotator "NA"]
[PlyCount "93"]
[EventDate "2019.08.26"]
[EventType "team-tourn"]
[EventCountry "ESP"]
[SourceTitle "playchess.com"]
[Source "ChessBase"]
[SourceQuality "1"]
[TimeControl "5400+30"]

1. e4 e6 2. d4 d5 3. Nd2 Nf6 4. e5 Nfd7 5. Bd3 c5 6. c3 Nc6 7. Ne2 cxd4 8. cxd4 f6 9. exf6 Nxf6 10. Nf3 Bd6 11. O-O Qc7 12. h3 O-O 13. Re1 e5 14. dxe5 Nxe5 15. Nxe5 Bxe5 16. Qb3 Qf7 17. Bf4 Bxf4 18. Nxf4 Kh8 19. f3 Nh5 20. Nxd5 Be6 21. Bc4 b5 22. Qxb5 Rab8 23. Qc6 Rxb2 24. Ne3 Bxc4 25. Nxc4 Rc2 26. Ne5 Qf5 27. Qe4 g6 28. Qd4 Kg8 29. Rac1 Nf4 30. Rxc2 Qxc2 31. Qc4+ Qxc4 32. Nxc4 Rc8 33. Re4 Ne2+ 34. Rxe2 Rxc4 35. Kf2 Ra4 36. g4 g5 37. Kg3 Ra3 38. Rf2 Kf7 39. h4 h6 40. h5 Ke6 41. Rd2 Ke5 42. Re2+ Kd4 43. Re6 Rxa2 44. Rxh6 Ra5 45. Rg6 Rb5 46. h6 Rb7 47. Rxg5 {[%emt 0:00:19] Kd5} 1-0

[Event "ESP-chT Primera Division 2019"]
[Site "Linares"]
[Date "2019.08.29"]
[Round "4.18"]
[White "Bermudez Revuelta, Paula"]
[Black "Semenova, Elena"]
[Result "0-1"]
[ECO "C44"]
[WhiteElo "1702"]
[BlackElo "2330"]
[Annotator "NA"]
[PlyCount "122"]
[EventDate "2019.08.26"]
[EventType "team-tourn"]
[EventCountry "ESP"]
[SourceTitle "playchess.com"]
[Source "ChessBase"]
[SourceQuality "1"]
[TimeControl "5400+30"]

1. e4 e5 2. Nf3 Nc6 3. d4 exd4 4. Nxd4 Nf6 5. Nc3 Bb4 6. Nxc6 bxc6 7. Bd3 d6 8. O-O Ng4 9. Be2 Qh4 10. Bxg4 Qxg4 11. Qxg4 Bxg4 12. a3 Bc5 13. Re1 O-O 14. Be3 Bb6 15. Na4 Bxe3 16. Rxe3 Rfe8 17. Rae1 Re7 18. Rb3 f6 19. f3 Be6 20. Rb7 Bc8 21. Rb3 Kf7 22. Kf2 Ba6 23. Ree3 Ke8 24. Nc3 Kd7 25. Ne2 c5 26. Nf4 Bc4 27. Rbc3 Bf7 28. Nd5 Ree8 29. Re1 Rab8 30. b3 f5 31. Nf4 fxe4 32. Rxe4 Rxe4 33. fxe4 Re8 34. Rg3 Rxe4 35. Kf3 Re7 36. Kf2 g6 37. Rh3 g5 38. Ne2 Bg6 39. c3 Rf7+ 40. Ke3 a5 41. Nc1 Rf8 42. Ke2 d5 43. Nd3 Kd6 44. Rg3 h6 45. Rh3 Rf6 46. Ke3 Be4 47. Ne1 Ke5 48. Nd3+ Kd6 49. Ne1 Re6 50. Kd2 c6 51. Rg3 d4 52. Nc2 Kd5 53. c4+ Ke5 54. Ne1 Rf6 55. Ke2 Kf4 56. Nd3+ Bxd3+ 57. Rxd3 Re6+ 58. Kd2 Re3 59. b4 Ke4 60. Rxe3+ dxe3+ 61. Ke2 axb4 0-1